← All builds
Geo sea / Armada / Economy first / OBSERVED BUILD

Standard geo sea

Armada Geo sea build order · Supreme Isthmus

Shipyard in the cove backed by a bot lab, pushing out early submarines and destroyers to contest the sea while teching up to a geothermal plant around 7:46, the role's bread-and-butter naval contest.

Usually shipyard in the cove (88%)

#naval #eco · 822 distinct matches · 106 players · 80% of Armada Geo sea games · team won 54% of 879 · Recently observed

HOW TO PLAY IT

Key timing: Shipyard by 3:11

  1. Take mex and wind, start bot lab first for early defence.
  2. Finish bot lab, then build shipyard in the cove.
  3. Push first submarine out to contest the sea.
  4. Add destroyer as the main contesting force.
  5. Transition into geothermal plant and advanced metal extractor.

Phase by phase

TYPICAL OF ITS 822 GAMES
  1. 1
  2. 2
  3. 3
  4. 4
PLAY THE OPENING

Follow the example game's first 6:00 step by step: what to build now, what comes next, and where it goes. At 1× it keeps pace with your own game.

  1. 1

    Up to the Bot Lab

    Economy
    • Metal Extractor3Mex
    • Wind Turbine3Wind
    Order
    1. Bot LabBot Lab after 3 mex, 3 winddone ~1:12, middle half 1:06–1:17

    Some games also: wind for allies (43%)

    By 0:55 in all: 3 mex · 3 wind

    The example game in this phase · 5 steps
    1. Mex ×2
    2. Wind
    3. Mex
    4. Wind ×4
    5. Bot LabBot Labdone 1:17 · typical 1:12
  2. 2

    Bot Lab to Shipyard

    Economy
    • Metal Extractor1Mex
    • Wind Turbine1Wind
    Order
    1. ShipyardShipyard after 4 mex, 4 winddone ~3:12, middle half 2:51–3:37
    Builders
    • Construction Bot3 Con bot
    • Lazarus2 Lazarus

    Some games also: pawn (45%) · con turret (39%) · crossbow (36%)

    By 2:48 in all: 4 mex · 4 wind

    The example game in this phase · 22 steps
    1. LazarusLazarus
    2. Windfor Air
    3. Construction BotCon bot
    4. Wind ×2for Air
    5. Wind ×2
    6. LazarusLazarus
    7. Con turret
    8. Wind
    9. Con turret
    10. Wind
    11. CrossbowCrossbow
    12. Wind
    13. CrossbowCrossbow ×2
    14. Construction BotCon bot
    15. Radar TowerRadar Tower
    16. TickTick ×3
    17. NettleNettle
    18. Mex ×2
    19. Radar TowerRadar Tower
    20. Mex
    21. SentrySentry
    22. ShipyardShipyarddone 4:21 · typical 3:12
  3. 3

    Shipyard to 5:00

    Economy
    • Metal Extractor4Mex
    • Wind Turbine1Wind
    Builders
    • Construction Ship1 Con ship
    Army
    • Dolphin3 Dolphin
    • Skater1 Skater
    Other
    • Radar Tower1 Radar Tower

    Some games also: destroyer (50%) · submarine (44%) · Sentry (43%) · converter (34%) · pawn (31%)

    By 5:00 in all: 8 mex · 7 wind · 1 energy storage · 1 con turret

    The example game in this phase · 9 steps
    1. SentrySentry ×2
    2. DolphinDolphin
    3. SentrySentry
    4. BeamerBeamer
    5. Mex
    6. DolphinDolphin
    7. Wind
    8. EllysawFrigate
    9. Wind
  4. 4

    5:00 to 10:00

    Economy
    • Metal Extractor2Mex
    • Wind Turbine12Wind
    • Energy Converter3Converter
    Builders
    • Construction Turret1 Con turret
    • Grim Reaper2 Grim Reaper
    • Construction Ship1 Con ship
    Army
    • Sentry1 Sentry
    • Dolphin4 Dolphin
    • Skater2 Skater
    • Corsair2 Destroyer

    Some games also: Radar Tower (48%) · Harpoon (41%) · geo (40%) · frigate (39%) · Naval Construction Turret (33%)

    By 10:00 in all: 11 mex · 19 wind · 1 geo · 4 converter · 1 energy storage · 2 con turret

    The example game in this phase · 54 steps
    1. Wind
    2. EllysawFrigate
    3. Mex
    4. SentrySentry
    5. Wind
    6. CorsairDestroyerdone 6:42 · typical 5:36
    7. Wind ×3
    8. SentrySentry
    9. Wind ×2
    10. Converter
    11. Wind ×2
    12. Converter
    13. Wind
    14. Converter
    15. SentrySentry
    16. Wind
    17. Converter
    18. Wind
    19. Converter
    20. Construction ShipCon ship
    21. Wind
    22. SentrySentry
    23. CorsairDestroyer
    24. HarpoonHarpoon
    25. Advanced Metal ExtractorT2 mexdone 8:49 · typical 9:19
    26. SentrySentry
    27. EllysawFrigate
    28. Mex
    29. EllysawFrigate
    30. Mex
    31. Naval Radar / Sonar TowerNaval Radar / Sonar Tower
    32. CorsairDestroyer
    33. Advanced Metal ExtractorT2 mex
    34. DolphinDolphin ×3
    35. Advanced Metal ExtractorT2 mex
    36. CorsairDestroyer
    37. Construction ShipCon ship
    38. DolphinDolphin ×2
    39. EllysawFrigate ×3
    40. Advanced Metal ExtractorT2 mex
    41. CorsairDestroyer
    42. EllysawFrigate
    43. Naval Radar / Sonar TowerNaval Radar / Sonar Tower
    44. EllysawFrigate
    45. CorsairDestroyer
    46. SkaterSkater
    47. Advanced Metal ExtractorT2 mex
    48. SkaterSkater
    49. Wind ×2
    50. SkaterSkater
    51. Wind
    52. Naval Radar / Sonar TowerNaval Radar / Sonar Tower
    53. EllysawFrigate
    54. Wind ×2

Counts are medians over the build's games: half of them build more, half fewer. The example game is pyrothraxus's (36 OS, 05/10/2026); pick another.

Team trades

IN AT LEAST 30% OF ITS GAMES

You hand over

  • Wind Turbine2 Wind to Airfirst at 1:41 · in 60% of games

You get

  • Finch1 Finch from Airfirst at 1:52 · in 73% of games
  • Hercules1 Light transport from Airfirst at 2:05 · in 61% of games
  • Advanced Construction Bot1 T2 con bot from Techfirst at 7:42 · in 89% of games

How it plays out

Typical game of this build, running totals by minute

Metal produced

010k20k30k
0:005:0010:0015:00

metal

Enemy metal destroyed

05k10k
0:005:0010:0015:00

metal

Own metal lost

02.5k5k7.5k
0:005:0010:0015:00

metal

879 games.

Show as table
ByMetal produced: This buildEnemy metal destroyed: This buildOwn metal lost: This build
1:0039500
2:0092800
3:00160900
4:002893040
5:00414117554
6:005550541300
7:0071051001615
8:00873917051011
9:001061524581655
10:001290433332246
11:001549945823171
12:001850357053963
13:002179068434827
14:002544778555665
15:002895489766607
WHAT THE NUMBERS SAY

Standard Geo sea play, backed by a bot lab before the shipyard, with a 53% team win rate matching the other sea role closely.

  • + Geothermal finishes by 7:46 in 58% of games, funding the economy transition.
  • − Enemy metal destroyed only 8994 by 15:00 versus own losses of 6662, a close sea fight.
THE EXAMPLE YOU ARE READING

pyrothraxus

36.0 OS · 05/10/2026

Open source match ↗

4 received units · includes a constructor
27 metal received · 9054 energy received

Allied construction assistance is unknown. Timings are observations, not a promise of solo reproducibility.

Typical milestones

Bot Lab1:12Middle 50%: 1:06–1:17 · n=845
Shipyard3:12Middle 50%: 2:51–3:37 · n=868
Eel4:21Middle 50%: 3:41–5:29 · n=519
Corsair5:36Middle 50%: 4:53–6:34 · n=813
Geothermal Powerplant7:46Middle 50%: 6:49–9:15 · n=535
Advanced Metal Extractor9:19Middle 50%: 8:37–10:06 · n=766

Played most by

_X_86games of this buildOptimusprimenutt52games of this buildKingBenjai50games of this buildWashedGamuer49games of this buildRexalidus37games of this build
Standard geo sea · Armada Geo sea build order · BAR Build Atlas